 Dungeon Crawl Stone Soup version 0.29-a0-923-g6e406bff71 (webtiles) character file.

Game seed: 4760540560017552084

69 Essalna the Insei (level 4, -1/29 HPs)
             Began as an Octopode Transmuter on July 28, 2022.
             Slain by an acid dragon (8 damage)
             ... on level 3 of the Dungeon.
             The game lasted 00:04:34 (1649 turns).

Essalna the Insei (Octopode Transmuter)             Turns: 1649, Time: 00:04:34

Health: -1/29      AC:  1    Str:  9    XL:     4   Next: 20%
Magic:  7/7        EV: 13    Int: 21    God:
Gold:   114        SH:  4    Dex: 14    Spells: 6/7 levels left

rFire   . . .      SeeInvis +     - Unarmed
rCold   . . .      Faith    .   j - +0 buckler
rNeg    . . .      Spirit   .   (helmet currently unavailable)
rPois   .          Reflect  .   c - amulet of the acrobat
rElec   .          Harm     .   b - +6 ring of intelligence
rCorr   .          Rampage  .   d - ring of see invisible
Will    .....                   (no ring)
Stlth   ++........              (no ring)
HPRegen 0.09/turn               (no ring)
MPRegen 0.10/turn               (no ring)
                                (no ring)
                                (no ring)

@: brilliant, appendages
A: tentacle spike 3, almost no armour, amphibious, 8 rings, camouflage 1,
gelatinous body 1, (nimble swimmer 1), tentacles
a: End Transformation


You were on level 3 of the Dungeon.
One of your tentacles had grown a beastly spike.
You visited 1 branch of the dungeon, and saw 3 of its levels.

You collected 114 gold pieces.

Inventory:

Armour
 j - a +0 buckler (worn)
Jewellery
 b - a +6 ring of intelligence (left tentacle)
 c - an amulet of the acrobat (around mantle)
 d - a ring of see invisible (right tentacle)
Wands
 k - a wand of polymorph (1)
Scrolls
 e - a scroll of teleportation {unknown}
 f - a scroll of summoning {unknown}
 h - 5 scrolls of identify {unknown}
 i - a scroll of fog {unknown}
Potions
 a - 2 potions of lignification


   Skills:
 + Level 2.0 Fighting
 + Level 2.7 Dodging
 + Level 0.8 Shields
 + Level 3.4 Unarmed Combat
 - Level 2.0 Spellcasting
 + Level 2.6 Transmutations


You had 6 spell levels left.
You knew the following spells:

 Your Spells              Type           Power      Damage    Failure   Level
a - Beastly Appendage     Tmut           38%        N/A       7%          1

Your spell library contained the following spells:

 Spells                   Type           Power      Damage    Failure   Level
 Wereblood                Tmut           19%        N/A       10%         2
 Spider Form              Tmut/Pois      11%        N/A       34%         3
 Gell's Gravitas          Tloc           3%         N/A       52%         3
 Lesser Beckoning         Tloc           3%         N/A       52%         3
 Teleport Other           Tloc           3%         N/A       52%         3
 Ice Form                 Ice/Tmut       11%        N/A       75%         4


Dungeon Overview and Level Annotations

Branches:
Dungeon (3/15)

Altars:

Annotations:
D:2 Sigmund, Terence


Innate Abilities, Weirdness & Mutations

One of your tentacles has grown a beastly spike.
You cannot wear most types of armour.
You are amphibious.
You can wear up to eight rings at the same time.
Your skin changes colour to match your surroundings (Stealth+).
Your rubbery body absorbs attacks. (AC +1, EV +1)
((You are camouflaged when in or above water. (Stealth+)))
You have tentacles for arms and can constrict up to eight enemies at once.


Message History

You constrict the goblin.
You kill the goblin!
You tentacle-slap the goblin.
You kill the goblin!
The goblin unwields a +0 dagger.
The goblin wields a +0 sling.
The goblin shoots a sling bullet.
The sling bullet closely misses you.
The goblin unwields a +0 sling.
The goblin wields a +0 dagger.
The goblin completely misses you.
Things that are here:
a +0 dagger; a +0 club; a +0 sling You tentacle-slap the goblin.
You kill the goblin!
You tentacle-slap the goblin but do no damage.
You grab the goblin. You squeeze the goblin.
You kill the goblin!
The goblin shoots a sling bullet.
The sling bullet closely misses you.
Things that are here:
a +0 dagger; a +0 club
Aiming: Polymorph
Press: ? - help, Shift-Dir - straight line, f - ogre
Aim: an ogre, wielding a +0 giant spiked club (will become a fire bat, an endoplasm, or an acid dragon, chance to affect: 49%)
The ogre evaporates and reforms as an acid dragon!
You tentacle-slap the acid dragon but do no damage.
You pierce the acid dragon.
Your squeeze misses the acid dragon.
The acid dragon is lightly wounded.
The acid dragon spits acid at you. The splash of acid hits you!!
Ouch! That really hurt!
* * * LOW HITPOINT WARNING * * *
It was a potion of brilliance.
You feel clever all of a sudden. The acid dragon misses you.
The acid dragon barely misses you.
You tentacle-slap the acid dragon. You squeeze the acid dragon!
The acid dragon is heavily wounded.
The acid dragon closely misses you. The acid dragon misses you.
You tentacle-slap the acid dragon but do no damage.
You squeeze the acid dragon.
The acid dragon is heavily wounded.
The acid dragon bites you!
You die...

#.# ##### #.#
### #...#
#.###.###(..#
#.......#.(.
#..#....##'#
#......##g.#
##.#...##g##
#.#...##D#
#.#...##@#
###.##.###.#
............#
####....#####
######


You could see an acid dragon (catching breath) and 2 goblins.

Vanquished Creatures
  Jessica (D:2)
  A dart slug (D:1)
  4 bats (D:1)
  10 goblins
  A hobgoblin (D:3)
  6 jackals (D:1)
  6 quokkas
  3 frilled lizards (D:1)
  2 kobolds (D:1)
  3 rats (D:1)
37 creatures vanquished.

Notes
Turn   | Place    | Note
-------+----------+-------------------------------------------
     0 | D:1      | Essalna the Octopode Transmuter began the quest for the
                  | Orb.
     0 | D:1      | Reached XP level 1. HP: 13/13 MP: 3/3
   136 | D:1      | Reached XP level 2. HP: 15/18 MP: 3/5
   762 | D:1      | Reached XP level 3. HP: 23/23 MP: 6/6
  1053 | D:2      | Noticed Terence
  1226 | D:2      | Noticed Jessica
  1234 | D:2      | Killed Jessica
  1235 | D:2      | Reached XP level 4. HP: 29/29 MP: 7/7
  1331 | D:2      | Noticed Sigmund
  1629 | D:3      | Noticed an ogre
  1645 | D:3      | Noticed an acid dragon
  1645 | D:3      | an ogre changed into an acid dragon
  1649 | D:3      | Slain by an acid dragon

Illustrated notes

Levels and vault maps discovered:
D:1:      dpeg_arrival_rooms_with_view, layout_rooms, minmay_misc_feat_room,
          minivault_23, nrook_uturn
D:2:      layout_rooms, basic_ecumenical_altar, dreamdust_princess_bridge,
          uniq_crazy_yiuf_cottage, uniq_sigmund, uniq_jessica, uniq_terence
D:3:      layout_basic, minmay_ogre_servants

Skill      XL: |  1  2  3 |
---------------+----------+-----
Fighting       | 2 |  2.0
Dodging        | |  2.7
Shields        | |  0.8
Unarmed Combat | |  3.4
Spellcasting   | |  2.0
Transmutations | |  2.6

Action                   |  1- 3 |  4- 6 || total
-------------------------+-------+-------++-------
Melee: Unarmed           |    67 |    18 ||    85
       Constrict         |    15 |     6 ||    21
       Punch             |     4 |       ||     4
       Kick              |    12 |     1 ||    13
       Tentacles         |    10 |     6 ||    16
 Cast: Beastly Appendage |    11 |     2 ||    13
Evoke: Wand              |       |     1 ||     1
  Use: Potion            |       |     1 ||     1
 Stab: Sleeping          |     3 |       ||     3
Armor: Skin              |     5 |       ||     5
Dodge: Dodged            |    49 |    18 ||    67
Block: Buckler           |     2 |       ||     2

Table legend: (Time is in decaauts)
 A = Elapsed time spent in this place.
 B = Non-inter-level travel time spent in this place.
 C = Inter-level travel time spent in this place.
 D = Time resting spent in this place.
 E = Time spent auto-exploring this place.
 F = Levels seen in this place.
 G = Mean time per level.
                   A        B        C        D        E       F      G
               +--------+--------+--------+--------+--------+-----+--------+
         Total |   1649 |   1594 |     55 |    127 |   1090 |   3 |  549.7 |
       Dungeon |   1649 |   1594 |     55 |    127 |   1090 |   3 |  549.7 |
               +--------+--------+--------+--------+--------+-----+--------+

Top non-repeatable levels by time:
     D:1: 1075 daAuts
     D:2: 432 daAuts
     D:3: 142 daAuts
